 Dungeon Crawl Stone Soup version 0.27-a0-705-ga0013940fb (webtiles) character file.

Game seed: 1651837900846563053

72 Klosterheim the Ogre Mage (level 4, -7/41 HPs)
             Began as an Ogre Hedge Wizard on Mar 23, 2021.
             Shot with an arrow by a centaur (9 damage)
             ... on level 3 of the Dungeon.
             The game lasted 00:04:10 (2202 turns).

Klosterheim the Ogre Mage (Ogre Hedge Wizard)       Turns: 2202, Time: 00:04:10

Health: -7/41      AC:  3    Str: 14    XL:     4   Next: 26%
Magic:  6/10       EV:  9    Int: 16    God:
Gold:   60         SH:  0    Dex:  8    Spells: 5/11 levels left

rFire    . . .     SeeInvis .   k - +2 flail (drain)
rCold    . . .     Faith    .   (no shield)
rNeg     . . .     Spirit   .   b - +0 robe
rPois    .         Reflect  .   c - +0 hat
rElec    .         Harm     .   (no cloak)
rCorr    .         Rampage  .   (gloves unavailable)
Will     .....                  (boots unavailable)
Stlth    ++........             (no amulet)
HPRegen  0.13/turn              (no ring)
MPRegen  0.12/turn              (no ring)

@: no status effects
A: large, unfitting armour, tough skin 1
a: no special abilities


You were on level 3 of the Dungeon.
You visited 1 branch of the dungeon, and saw 3 of its levels.

You collected 60 gold pieces.

Inventory:

Hand Weapons
 k - a +2 flail of draining (weapon)
Armour
 b - a +0 robe (worn)
 c - a +0 hat (worn)
Magical Staves
 a - a staff of death
Scrolls
 d - a scroll of holy word {unknown}
 i - a scroll of vulnerability {unknown}
 j - a scroll of fog {unknown}
Potions
 e - a potion of heal wounds {unknown}
 g - a potion of attraction {unknown}
 h - 3 potions of lignification {unknown}


   Skills:
 + Level 1.5 Fighting
 - Level 2.0 Dodging
 - Level 2.0 Stealth
 - Level 4.0 Spellcasting
 + Level 1.5 Conjurations
 + Level 1.4 Summonings
 + Level 1.4 Translocations
 + Level 0.2 Air Magic
 + Level 0.2 Poison Magic


You had 5 spell levels left.
You knew the following spells:

 Your Spells              Type           Power      Damage    Failure   Level
a - Magic Dart            Conj           32%        1d4       9%          1
b - Call Imp              Summ           7%         N/A       14%         2
c - Mephitic Cloud        Conj/Pois/Air  5%         N/A       36%         3

Your spell library contained the following spells:

 Spells                   Type           Power      Damage    Failure   Level
 Blink                    Tloc           N/A        N/A       14%         2
 Slow                     Hex            3%         N/A       26%         2
 Conjure Flame            Conj/Fire      5%         6-21      36%         3


Dungeon Overview and Level Annotations

Branches:
Dungeon (3/15)

Altars:

Annotations:
D:2 Sigmund


Innate Abilities, Weirdness & Mutations

You are too large for most types of armour.
You have tough skin. (AC +1)


Message History

The dart slug bites you.
You thump the dart slug!
You kill the dart slug!
Training target 4.0 for Spellcasting reached!
Your Spellcasting skill increases to level 4!
No target in view!
No target in view!
No target in view!
No target in view!
No target in view!
No target in view!
No target in view!
No target in view!
No target in view!
No target in view!
No target in view!
HP restored.
You see here a dart slug corpse.
A centaur comes into view.
A centaur is nearby!
A centaur is nearby!
The centaur shouts!
The centaur wields a +0 shortbow.
The centaur shoots an arrow.
The arrow hits you!
The centaur shoots an arrow.
The arrow hits you.
Casting: Magic Dart (safe; 9% risk of failure)
Confirm with . or Enter, or press ? or * to list all spells.
A beastly little devil appears in a puff of flame.
The centaur shoots an arrow.
The arrow misses you.
The centaur shoots an arrow.
The arrow hits you!
Casting: Call Imp (safe; 14% risk of failure)
Confirm with . or Enter, or press ? or * to list all spells.
A beastly little devil appears in a puff of flame.
The centaur shoots an arrow.
The arrow hits you.
The centaur shoots an arrow.
The arrow hits you.
* * * LOW HITPOINT WARNING * * *
The centaur shoots an arrow.
The arrow hits you!
* * * LOW HITPOINT WARNING * * *
The centaur shoots an arrow.
The arrow misses your crimson imp. The arrow hits you!
You die...

#........
#c.......
#........ ####
#........
#...##55.....#
#............#
##..#.#.......#
.........######
##..#.#@##
#.....†# #......#
#......#
######.########
#####........##
...............#
................#
(...............#


You could see a centaur (ally target) and 2 friendly crimson imps.

Vanquished Creatures
  2 adders
  A worm (D:3)
  3 dart slugs
  2 orcs (D:3)
  3 ball pythons (D:1)
  5 bats
  3 giant cockroaches (D:1)
  2 goblins (D:1)
  5 hobgoblins
  A jackal (D:3)
  4 oozes (D:1)
  3 quokkas (D:1)
  A frilled lizard (D:1)
  3 kobolds
  3 rats (D:1)
41 creatures vanquished.

Notes
Turn   | Place    | Note
-------+----------+-------------------------------------------
     0 | D:1      | Klosterheim the Ogre Hedge Wizard began the quest for the
                  | Orb.
     0 | D:1      | Reached XP level 1. HP: 16/16 MP: 5/5
    24 | D:1      | Reached skill level 1 in Conjurations
   139 | D:1      | Reached skill level 1 in Summonings
   139 | D:1      | Reached skill level 1 in Translocations
   139 | D:1      | Reached XP level 2. HP: 26/26 MP: 0/6
   537 | D:1      | Reached skill level 1 in Fighting
   537 | D:1      | Reached XP level 3. HP: 13/33 MP: 8/8
  1714 | D:2      | Noticed Sigmund
  1825 | D:3      | Learned a level 2 spell: Call Imp
  1829 | D:3      | Learned a level 3 spell: Mephitic Cloud
  1909 | D:3      | Reached XP level 4. HP: 27/41 MP: 1/9
  2184 | D:3      | Reached skill level 4 in Spellcasting
  2195 | D:3      | Noticed a centaur
  2201 | D:3      | HP: 2/41 [centaur/arrow (7)]
  2202 | D:3      | Shot with an arrow by a centaur

Illustrated notes

Levels and vault maps discovered:
D:1:      dpeg_arrival_short_road, layout_loops_ring
D:2:      layout_rooms, okawaru_altar_gauntlet_db,
          gammafunk_temple_overflow_elements, kennysheep_generic_room_15,
          uniq_sigmund
D:3:      layout_basic, serial_glass, glass_columns_a, glass_columns_a,
          glass_columns_a, minmay_misc_feat_columns

Skill      XL: |  1  2  3  4 |
---------------+-------------+-----
Conjurations   | 1 |  1.5
Summonings     | 1 |  1.4
Translocations | 1 |  1.4
Dodging        | 2 |  2.0
Fighting       | 1 |  1.5
Stealth        | 2 |  2.0
Spellcasting   | 4 |  4.0
Air Magic      | |  0.2
Poison Magic   | |  0.2

Action                   |  1- 3 |  4- 6 || total
-------------------------+-------+-------++-------
Melee: Dagger            |     4 |       ||     4
       Trident           |    63 |       ||    63
       Flail             |       |     2 ||     2
 Cast: Magic Dart        |    68 |    13 ||    81
       Call Imp          |       |     2 ||     2
  Use: Scroll            |     1 |       ||     1
 Stab: Sleeping          |     3 |       ||     3
Armor: Robe              |    20 |       ||    20
Dodge: Dodged            |    40 |     2 ||    42

Table legend: (Time is in decaauts)
 A = Elapsed time spent in this place.
 B = Non-inter-level travel time spent in this place.
 C = Inter-level travel time spent in this place.
 D = Time resting spent in this place.
 E = Time spent auto-exploring this place.
 F = Levels seen in this place.
 G = Mean time per level.
                   A        B        C        D        E       F      G
               +--------+--------+--------+--------+--------+-----+--------+
         Total |   2220 |   2169 |     51 |    803 |   1055 |   3 |  740.0 |
       Dungeon |   2220 |   2169 |     51 |    803 |   1055 |   3 |  740.0 |
               +--------+--------+--------+--------+--------+-----+--------+

Top non-repeatable levels by time:
     D:1: 1429 daAuts
     D:3: 477 daAuts
     D:2: 312 daAuts
